 Dungeon Crawl Stone Soup version 0.30-a0-42-g806c11bf1d (webtiles) character file.

Game seed: 2167828819536545240

68 Nattfarinn the Stinger (level 4, -3/24 HPs)
             Began as a Deep Elf Venom Mage on Aug 30, 2022.
             Slain by an adder (4 damage)
             ... on level 3 of the Dungeon.
             The game lasted 00:02:41 (2393 turns).

Nattfarinn the Stinger (Deep Elf Venom Mage)        Turns: 2393, Time: 00:02:43

Health: -3/24      AC:  2    Str:  2 (5)  XL:     4   Next: 1%
Magic:  6/12       EV: 12    Int: 19 (22) God:
Gold:   85         SH:  0    Dex: 13 (15) Spells: 10/11 levels left

rFire   . . .      SeeInvis .    (no weapon)
rCold   . . .      Faith    .    (no shield)
rNeg    . . .      Spirit   .    a - +0 robe
rPois   .          Reflect  .    (no helmet)
rElec   .          Harm     .    (no cloak)
rCorr   .          Rampage  .    (no gloves)
Will    .....                    (no boots)
Stlth   ++........               (no amulet)
HPRegen 0.08/turn                (no ring)
MPRegen 0.13/turn                (no ring)

@: hasted, very quick
A: no striking features
a: no special abilities


You were on level 3 of the Dungeon.
You visited 1 branch of the dungeon, and saw 3 of its levels.

You collected 85 gold pieces.

Inventory:

Armour
 a - a +0 robe (worn)
Jewellery
 n - an amulet of guardian spirit
Scrolls
 d - a scroll of enchant armour {unknown}
 e - 2 scrolls of identify {unknown}
 j - a scroll of enchant weapon {unknown}
Potions
 b - a potion of magic
 c - a potion of ambrosia {unknown}
 f - a potion of curing {unknown}
 g - a potion of heal wounds {unknown}
 h - a potion of haste
 i - a potion of degeneration
 k - a potion of cancellation {unknown}
 l - a potion of flight {unknown}
 m - 2 potions of mutation {unknown}


   Skills:
 - Level 2.4 Dodging
 - Level 2.4 Stealth
 + Level 4.1 Spellcasting
 - Level 1.1 Transmutations
 * Level 4.8 Poison Magic


You had 10 spell levels left.
You knew the following spells:

 Your Spells              Type           Power      Damage    Failure   Level
a - Sting                 Tmut/Pois      60%        1d6       4%          1

Your spell library contained the following spells:

 Spells                   Type           Power      Damage    Failure   Level
 Poisonous Vapours        Pois/Air       26%        N/A       8%          2
 Ignite Poison            Fire/Tmut/Pois 11%        N/A       19%         3
 Olgreb's Toxic Radiance  Pois           22%        N/A       19%         4
 Mephitic Cloud           Conj/Pois/Air  10%        N/A       22%         3
 Fulminant Prism          Conj/Hex       1%         3d6       80%         4
 Iskenderun's Mystic Bla  Conj/Tloc      3%         2d3       80%         4
 Freezing Cloud           Conj/Ice/Air   1%         6-21      98%         5
 Lee's Rapid Deconstruct  Erth           1%         3d5*      98%         5


Dungeon Overview and Level Annotations

Branches:
Dungeon (3/15)

Altars:


Message History

You are too injured to fight recklessly!
You are too injured to fight recklessly!
You are too injured to fight recklessly!
You are too injured to fight recklessly!
Casting: Sting (safe; 3% risk of failure)
Confirm with . or Enter, or press ? or * to list all spells.
Aiming: Sting (safe; 3% risk of failure)
Press: ? - help, Shift-Dir - straight line, f/p - adder
Aim: an adder (57% to hit)
The sting hits the rat.
The rat is poisoned.
You kill the rat!
You feel sick.
Casting: Sting (safe; 3% risk of failure)
Confirm with . or Enter, or press ? or * to list all spells.
Aiming: Sting (safe; 3% risk of failure)
Press: ? - help, Shift-Dir - straight line, f/p - adder
Aim: an adder (57% to hit)
The sting hits the adder.
The adder is poisoned.
The adder is lightly wounded.
You feel sick. The adder bites you.
Casting: Sting (safe; 3% risk of failure)
Confirm with . or Enter, or press ? or * to list all spells.
Aiming: Sting (safe; 3% risk of failure)
Press: ? - help, Shift-Dir - straight line, f/p - adder
Aim: an adder (lightly wounded, poisoned, 57% to hit)
The sting hits the adder.
The adder looks even sicker.
The adder is heavily wounded.
You feel sick. The adder closely misses you. The adder bites you.
* * * LOW HITPOINT WARNING * * *
It was a potion of haste.
You feel yourself speed up.
* * * LOW HITPOINT WARNING * * *
You feel sick. The adder closely misses you.
It was a potion of degeneration.
There was something very wrong with that liquid.
You feel weakened.
You feel dopey.
You feel clumsy.
* * * LOW HITPOINT WARNING * * *
You feel sick.
You are no longer poisoned.
The adder bites you.
You die...

##..##
###....###
#..<.....#
#..##..###
##..##.####
##.......#
#.......#
#.......#
##@###### #S#
#.# ###.####
#......#
#..........
.............
.......†.......
#..##...?......


You could see an adder (very poisoned).

Vanquished Creatures
  2 adders (D:2)
  A dart slug (D:3)
  4 bats
  5 endoplasms
  3 giant cockroaches
  7 goblins
  3 hobgoblins (D:2)
  3 quokkas (D:1)
  5 frilled lizards
  6 kobolds
  8 rats
47 creatures vanquished.

Notes
Turn   | Place    | Note
-------+----------+-------------------------------------------
     0 | D:1      | Nattfarinn the Deep Elf Venom Mage began the quest for the
                  | Orb.
     0 | D:1      | Reached XP level 1. HP: 10/10 MP: 6/6
   359 | D:1      | Reached XP level 2. HP: 15/15 MP: 0/8
  1210 | D:2      | Reached XP level 3. HP: 16/19 MP: 5/10
  1496 | D:2      | Found a faded altar of an unknown god.
  2385 | D:3      | Reached XP level 4. HP: 20/24 MP: 8/12
  2393 | D:3      | HP: 1/24 [poisoned by an adder]
  2393 | D:3      | Slain by an adder

Illustrated notes

Levels and vault maps discovered:
D:1:      minmay_arrival_loop, layout_rooms, minmay_curled_crystal,
          chequers_serial_rivers_room_b
D:2:      layout_loops_cross, dreamdust_ecumenical_altar_angels_and_demons,
          st_stairs_11, chequers_serial_rivers_small_3
D:3:      layout_rooms, mainiacjoe_overflow_alcove_2, mrwooster_statue_mirror,
          minmay_fractal_squares_diagonal_5, uniq_crazy_yiuf_cottage

Skill      XL: |  1  2  3 |
---------------+----------+-----
Poison Magic   | 4 |  4.8
Spellcasting   | 4 |  4.1
Dodging        | |  2.4
Stealth        | |  2.4
Transmutations | |  1.1

Action                   |  1- 3 |  4- 6 || total
-------------------------+-------+-------++-------
Melee: Unarmed           |     1 |       ||     1
 Cast: Sting             |    99 |     3 ||   102
  Use: Potion            |       |     2 ||     2
Armor: Robe              |     9 |     1 ||    10
Dodge: Dodged            |    35 |     3 ||    38

Table legend: (Time is in decaauts)
 A = Elapsed time spent in this place.
 B = Non-inter-level travel time spent in this place.
 C = Inter-level travel time spent in this place.
 D = Time resting spent in this place.
 E = Time spent auto-exploring this place.
 F = Levels seen in this place.
 G = Mean time per level.
                   A        B        C        D        E       F      G
               +--------+--------+--------+--------+--------+-----+--------+
         Total |   2398 |   2299 |     99 |      0 |   2008 |   3 |  799.3 |
       Dungeon |   2398 |   2299 |     99 |      0 |   2008 |   3 |  799.3 |
               +--------+--------+--------+--------+--------+-----+--------+

Top non-repeatable levels by time:
     D:1: 1182 daAuts
     D:2: 1036 daAuts
     D:3: 179 daAuts
